 Dungeon Crawl Stone Soup version 0.20.0-6-gd3061e9 (webtiles) character file.

73 Iflex the Poker (level 4, -1/34 HPs)
             Began as a Merfolk Gladiator on May 28, 2017.
             Slain by BattleRest's ghost (14 damage)
             ... on level 3 of the Dungeon.
             The game lasted 00:03:34 (2013 turns).

Iflex the Poker (Merfolk Gladiator)                 Turns: 2013, Time: 00:03:35

Health: -1/34      AC:  4    Str: 14    XL:     4   Next: 27%
Magic:  4/4        EV: 14    Int:  7    God:
Gold:   149        SH:  0    Dex: 16    Spells: 3/3 levels left

rFire    . . .     SeeInvis .   l - +1 spear (vamp)
rCold    . . .     Gourm    .   (no shield)
rNeg     . . .     Faith    .   b - +0 leather armour
rPois    .         Spirit   .   c - +0 helmet
rElec    .         Reflect  .   (no cloak)
rCorr    .         Harm     .   (no gloves)
MR       .....                  (no boots)
Stlth    +.........             (no amulet)
Regen    0.2/turn               (no ring)
MPRegen  0.1/turn               (no ring)

@: no status effects
A: change form in water, swift swim, stealthy swim
a: no special abilities


You were on level 3 of the Dungeon.
You were not hungry.

You visited 1 branch of the dungeon, and saw 3 of its levels.

You collected 149 gold pieces.

Inventory:

Hand Weapons
 a - a +0 trident
 l - a +1 vampiric spear (weapon)
Armour
 b - a +0 leather armour (worn)
 c - a +0 helmet (worn)
Jewellery
 p - an uncursed ring of protection from cold {unknown}
Scrolls
 e - a scroll of magic mapping {unknown}
 j - 2 scrolls of recharging {unknown}
 m - a scroll of immolation {unknown}
 n - 2 scrolls of blinking {unknown}
 o - a scroll of teleportation {unknown}
Potions
 k - 2 potions of haste
Comestibles
 f - 2 bread rations
 h - a meat ration


   Skills:
 + Level 2.8 Fighting
 + Level 5.9 Polearms
 + Level 2.2 Throwing
 + Level 0.5 Armour
 + Level 4.5 Dodging


You had 3 spell levels left.
You didn't know any spells.

Dungeon Overview and Level Annotations

Branches:
Dungeon (3/15)

Altars:
Nemelex Xobeh
Xom

Annotations:
D:3 BattleRest's ghost, amateur MiFi


Message History

* * * LOW HITPOINT WARNING * * *
Okay, then.
You hit BattleRest's ghost but do no damage.
BattleRest's ghost is severely damaged.
The giant cockroach bites you but does no damage.
BattleRest's ghost hits you.
* * * LOW HITPOINT WARNING * * *
You barely miss BattleRest's ghost.
BattleRest's ghost is severely damaged.
The giant cockroach misses you. BattleRest's ghost closely misses you.
The giant cockroach closely misses you.
There is a stone staircase leading up here.
You puncture the giant cockroach!
You feel better.
You kill the giant cockroach!
You hit BattleRest's ghost but do no damage.
BattleRest's ghost is severely damaged.
You hit BattleRest's ghost but do no damage.
BattleRest's ghost is severely damaged.
BattleRest's ghost hits you!
You die...

##################
.....(...........>
#####(####.##.##.#
#(# #.....#.# ..# #.#
#..#..#.# ..#
#####)####..#....# ..
..)...##....#..#@# ..
####..##.#.....#W##.#
#..........##..#..#.#
#.##........(.....#.#
# #................#
#......[.......(.#
#...#.#########...#
#.#.... (....
#.#..... #.#.###


You could see BattleRest's ghost.

Vanquished Creatures
  An adder (D:2)
  An ooze (D:2)
  2 worms (D:2)
  A dart slug (D:1)
  A leopard gecko (D:1)
  An orc (D:3)
  7 bats
  4 giant cockroaches
  8 goblins
  5 hobgoblins
  10 kobolds
  4 frilled lizards
  4 rats
49 creatures vanquished.

Notes
Turn   | Place    | Note
-------+----------+-------------------------------------------
     0 | D:1      | Iflex the Merfolk Gladiator began the quest for the Orb.
     0 | D:1      | Reached XP level 1. HP: 16/16 MP: 1/1
   128 | D:1      | Reached XP level 2. HP: 23/23 MP: 2/2
   638 | D:2      | Reached skill level 5 in Polearms
   696 | D:2      | Reached XP level 3. HP: 23/28 MP: 3/3
   842 | D:2      | Found a shimmering altar of Xom.
   953 | D:2      | Found a sparkling altar of Nemelex Xobeh.
  1313 | D:2      | Reached XP level 4. HP: 34/34 MP: 4/4
  1453 | D:3      | Found a faded altar of an unknown god.
  1971 | D:3      | Noticed BattleRest's ghost (amateur MiFi)
  2013 | D:3      | Slain by BattleRest's ghost

Skill      XL: |  1  2 |
---------------+-------+-----
Polearms       | 5 |  5.9
Fighting       | |  2.8
Throwing       | |  2.2
Armour         | |  0.5
Dodging        | |  4.5

Action                   |  1- 3 |  4- 6 || total
-------------------------+-------+-------++-------
Melee: Trident           |    80 |       ||    80
       Spear             |    34 |    78 ||   112
Throw: Throwing net      |       |     3 ||     3
  Use: Scroll            |       |     2 ||     2
       Potion            |       |     2 ||     2
 Stab: Sleeping          |     1 |       ||     1
  Eat: Bread ration      |     1 |     1 ||     2
       Chunk             |     1 |       ||     1
Armor: Leather armour    |    12 |    14 ||    26
Dodge: Dodged            |    46 |    45 ||    91
